 Seeded DCSS version 0.26-a0-651-gb41185065b (webtiles) character file.

Game seed: 6655593379944419050 (custom seed)

103 dracos369 the Covered (level 4, 0/32 HPs)
             Began as a Demonspawn Wanderer on Oct 26, 2020.
             Slain by Terence
             ... wielding a +4 flail of holy wrath
              (7 damage)
             ... on level 3 of the Dungeon.
             The game lasted 00:06:38 (1815 turns).

dracos369 the Covered (Demonspawn Wanderer)         Turns: 1815, Time: 00:06:39

Health: 0/32       AC: 11    Str: 15    XL:     4   Next: 51%
Magic:  7/7        EV:  6    Int: 12    God:
Gold:   116        SH:  0    Dex: 12    Spells: 6/7 levels left

rFire    . . .     SeeInvis .   k - +2 whip (elec)
rCold    + + .     Faith    .   (no shield)
rNeg     . . .     Spirit   .   e - +2 chain mail {rC+}
rPois    .         Reflect  .   (no helmet)
rElec    .         Harm     .   (no cloak)
rCorr    .         Rampage  .   (no gloves)
MR       .....                  (no boots)
Stlth    ..........             (no amulet)
HPRegen  0.10/turn              (no ring)
MPRegen  0.10/turn              (no ring)

@: no status effects
A: talons 1, cold resistance 1, freezing cloud immunity
a: no special abilities


You were on level 3 of the Dungeon.
You visited 1 branch of the dungeon, and saw 3 of its levels.

You collected 116 gold pieces.

Inventory:

Hand Weapons
 k - a +2 whip of electrocution (weapon)
Missiles
 a - a javelin (quivered)
Armour
 e - a +2 chain mail of cold resistance (worn)
Wands
 i - a wand of random effects (24)
Scrolls
 d - 4 scrolls of identify
 f - a scroll of teleportation {unknown}
 g - a scroll of magic mapping {unknown}
 h - a scroll of enchant weapon {unknown}
 j - 3 scrolls of blinking
Potions
 b - 3 potions of lignification
 c - 4 potions of curing


   Skills:
 - Level 1.0 Fighting
 + Level 1.5 Maces & Flails
 - Level 1.0 Throwing
 + Level 3.9 Armour
 - Level 1.0 Stealth
 - Level 2.0 Spellcasting
   Level 1.0 Hexes
   Level 2.0 Summonings


You had 6 spell levels left.
You knew the following spells:

 Your Spells              Type           Power        Failure   Level
a - Magic Dart            Conj           #...         99%         1

Your spell library contained the following spells:

 Spells                   Type           Power        Failure   Level
 Call Imp                 Summ           #.......     98%         2
 Slow                     Hex            #.......     99%         2
 Blink                    Tloc           N/A          100%        2
 Conjure Flame            Conj/Fire      #.......     100%        3
 Mephitic Cloud           Conj/Pois/Air  #.......     100%        3


Dungeon Overview and Level Annotations

Branches:
Dungeon (3/15)

Altars:

Annotations:
D:3 Terence


Innate Abilities, Weirdness & Mutations

You have sharp toenails.
Your flesh is cold resistant. (rC+)
You are immune to freezing clouds.


Message History

You kill the gnoll!
A gnoll comes into view. It is wielding a +0 spear.
Something hits you but does no damage.
The gnoll shouts!
You hit something. Lightning courses through something! You claw something.
The gnoll drinks a potion.
The gnoll seems to speed up.
Something hits you but does no damage.
You barely miss something. You claw something.
The gnoll hits you but does no damage. Something hits you but does no damage.
You miss something. The gnoll barely misses you. The gnoll hits you.
Something hits you.
You convulse.
The gnoll hits you but does no damage.
You closely miss something. The goblin hits you but does no damage.
The gnoll closely misses you. The gnoll completely misses you.
Something hits you.
You convulse!
* * * LOW HITPOINT WARNING * * *
You barely miss something. You claw something. The gnoll barely misses you.
The goblin hits you but does no damage. The gnoll barely misses you.
The gnoll hits you but does no damage.
You miss something. Your kick misses something. Something hits you!
You die...

#...#.......#
#...####### #..## ###
#..########
..#####..........
#.#......########
########.#.###..#
.....gg....###..#
#...g@.....>.)#
#.####{#.##...#
#.#.##...########
#.#.##...........
#.#.#...####.....
##.......####.#.##
.{............##..###.#
##..###.......##.#.#(##
# #.###......#..##


You could see 2 gnolls and a goblin.

Vanquished Creatures
  A gnoll (D:3)
  3 adders
  3 worms
  3 dart slugs
  A leopard gecko (D:1)
  2 ball pythons
  2 giant cockroaches (D:3)
  2 hobgoblins
  9 jackals
  4 kobolds
  8 bats
  3 frilled lizards
  6 goblins
  4 rats
51 creatures vanquished.

Notes
Turn   | Place    | Note
-------+----------+-------------------------------------------
     0 | D:1      | dracos369 the Demonspawn Wanderer began the quest for the
                  | Orb.
     0 | D:1      | dracos369 set off with the following items: a +0 club, a
                  | potion of lignification, a potion of curing, a +0 robe; and
                  | the following spell memorised: Magic Dart; and the
                  | following spells available to memorise: Call Imp, Slow,
                  | Blink, Conjure Flame, Mephitic Cloud
     0 | D:1      | Reached XP level 1. HP: 15/15 MP: 3/3
    85 | D:1      | Reached skill level 2 in Armour
   168 | D:1      | Gained mutation: You have sharp toenails. [demonic
                  | ancestry]
   168 | D:1      | Reached XP level 2. HP: 15/21 MP: 5/5
   527 | D:1      | Reached skill level 3 in Armour
   899 | D:2      | Gained mutation: Your flesh is cold resistant. (rC+)
                  | [demonic ancestry]
   899 | D:2      | Reached XP level 3. HP: 25/26 MP: 6/6
  1604 | D:3      | Reached skill level 1 in Maces & Flails
  1604 | D:3      | Gained mutation: You are immune to freezing clouds.
                  | [demonic ancestry]
  1604 | D:3      | Reached XP level 4. HP: 32/32 MP: 7/7
  1797 | D:3      | Noticed Terence
  1815 | D:3      | Slain by Terence

Illustrated notes

Levels and vault maps discovered:
D:1:      tarquinn_simple_flora_water_f, layout_basic
D:2:      layout_basic
D:3:      layout_loops_ring, uniq_terence

Skill      XL: |  1  2  3 |
---------------+----------+-----
Armour         | 2 3 |  3.9
Maces & Flails | 1 |  1.5
Fighting       | |  1.0
Throwing       | |  1.0
Stealth        | |  1.0
Spellcasting   | |  2.0
Hexes          | |  1.0
Summonings     | |  2.0

Action                   |  1- 3 |  4- 6 || total
-------------------------+-------+-------++-------
Melee: Club              |    37 |       ||    37
       Dagger            |    68 |       ||    68
       Kick              |    15 |    12 ||    27
       Whip              |    43 |    36 ||    79
Throw: Javelin           |       |     1 ||     1
  Use: Scroll            |     2 |       ||     2
Armor: Chain mail        |   116 |    20 ||   136
Dodge: Dodged            |    44 |    18 ||    62

Table legend: (Time is in decaauts)
 A = Elapsed time spent in this place.
 B = Non-inter-level travel time spent in this place.
 C = Inter-level travel time spent in this place.
 D = Time resting spent in this place.
 E = Time spent auto-exploring this place.
 F = Levels seen in this place.
 G = Mean time per level.
                   A        B        C        D        E       F      G
               +--------+--------+--------+--------+--------+-----+--------+
         Total |   1829 |   1785 |     44 |    136 |   1232 |   3 |  609.7 |
       Dungeon |   1829 |   1785 |     44 |    136 |   1232 |   3 |  609.7 |
               +--------+--------+--------+--------+--------+-----+--------+

Top non-repeatable levels by time:
     D:1: 863 daAuts
     D:2: 626 daAuts
     D:3: 339 daAuts
